 Dungeon Crawl Stone Soup version 0.23.2-33-g5129a83184 (webtiles) character file.

Game seed: 7971997482191266627

912 Folque the Conjurer (level 7, 0/52 HPs)
             Began as a Demigod Conjurer on July 12, 2019.
             Slain by a centaur (7 damage)
             ... on level 5 of the Dungeon.
             The game lasted 00:14:32 (5808 turns).

Folque the Conjurer (Demigod Conjurer)              Turns: 5808, Time: 00:14:32

Health: 0/52       AC:  2    Str: 11    XL:     7   Next: 52%
Magic:  15/15      EV: 13    Int: 23    God:
Gold:   178        SH:  0    Dex: 16    Spells: 2/12 levels left

rFire    + . .     SeeInvis .   r - +0 flail
rCold    + . .     Gourm    .   (no shield)
rNeg     . . .     Faith    .   a - +0 robe
rPois    +         Spirit   .   (no helmet)
rElec    +         Reflect  .   (no cloak)
rCorr    +         Harm     .   (no gloves)
MR       .....                  (no boots)
Stlth    ++........             (no amulet)
HPRegen  0.17/turn              (no ring)
MPRegen  0.14/turn              (no ring)

@: resistant
A: high mp 1
a: no special abilities


You were on level 5 of the Dungeon.
You were not hungry.

You visited 1 branch of the dungeon, and saw 5 of its levels.

You collected 178 gold pieces.

Inventory:

Hand Weapons
 d - a +0 dagger
 r - a +0 flail (weapon)
Missiles
 g - 5 javelins (quivered)
Armour
 a - a +0 robe (worn)
 j - a +0 robe of magic resistance
 q - a +0 ring mail
Jewellery
 i - a +4 ring of strength {unknown}
 k - a +2 ring of dexterity {unknown}
 o - a +1 ring of protection {unknown}
Scrolls
 e - a scroll of blinking {unknown}
 f - 2 scrolls of identify
 h - 3 scrolls of remove curse {unknown}
 n - a scroll of immolation {unknown}
 p - a scroll of fear {unknown}
 s - a scroll of amnesia {unknown}
 t - a scroll of teleportation
Potions
 b - a potion of resistance
 l - a potion of degeneration
 m - a potion of agility
Comestibles
 c - 9 rations
 v - a chunk of flesh


   Skills:
 - Level 1.0 Fighting
 * Level 0.6 Armour
 - Level 2.4 Dodging
 - Level 1.7 Stealth
 - Level 3.2 Spellcasting
 + Level 6.1 Conjurations
 * Level 5.0 Hexes


You had 2 spell levels left.
You knew the following spells:

 Your Spells              Type           Power        Failure   Level  Hunger
a - Magic Dart            Conj           ####         1%          1    None
b - Searing Ray           Conj           ####..       1%          2    ##.....
c - Dazzling Spray        Conj/Hex       ####..       3%          3    ###....
d - Fulminant Prism       Conj/Hex       ####......   12%         4    ####...

Your spell library contained the following spells:

 Spells                   Type           Power        Failure   Level  Hunger
 Iskenderun's Mystic Bla  Conj           ####....     9%          4    ####...
 Force Lance              Conj/Tloc      ###.....     32%         4    ####...


Dungeon Overview and Level Annotations

Branches:
Dungeon (5/15)
 Temple: D:4-7


Innate Abilities, Weirdness & Mutations

You have an increased reservoir of magic. (+10% MP)


Message History

The centaur closely misses you.
Casting: Searing Ray (safe; 1% risk of failure)
Confirm with . or Enter, or press ? or * to list all spells.
You don't have enough magic to cast that spell.
It was a potion of resistance.
You feel protected. The centaur closely misses you.
You hit the centaur.
The centaur is lightly wounded.
The centaur hits you.
* * * LOW HITPOINT WARNING * * *
The centaur closely misses you.
You barely miss the centaur.
The centaur is lightly wounded.
The centaur completely misses you. The centaur barely misses you.
It was a potion of magic.
Magic courses through your body. The centaur hits you.
* * * LOW HITPOINT WARNING * * *
The centaur hits you!
You die...

####### ######
#.....#+##.....#
#.....#..#.....##
#.....#..c.......
#.....#.@#.......
#.....#..#.......
#.....'..#.......
#.....#..#.....#+
#.....#..#.....#
#.....####.....+
+.....#..#.....#
#.....#..#
#.....#..#


You could see a centaur.

Vanquished Creatures
  2 ogres
  A howler monkey (D:4)
  A hound (D:4)
  2 centaur skeletons (D:4)
  A gnoll shaman (D:4)
  2 orc priests (D:4)
  2 bullfrog skeletons
  Jessica (D:2)
  Natasha (thrice) (D:4)
  2 worker ants (D:4)
  2 orc wizards (D:4)
  Robin (D:4)
  A worker ant zombie (D:5)
  10 adders
  4 gnolls (D:4)
  An ooze (D:1)
  5 worms
  2 dart slugs
  A leopard gecko (D:3)
  5 orcs
  13 bats
  4 giant cockroaches
  7 hobgoblins
  8 jackals
  A quokka (D:3)
  2 frilled lizards
  19 goblins
  6 kobolds
  28 rats
137 creatures vanquished.

Vanquished Creatures (others)
  A fulminant prism (D:4)
1 creature vanquished.

Grand Total: 138 creatures vanquished

Notes
Turn   | Place    | Note
-------+----------+-------------------------------------------
     0 | D:1      | Folque the Demigod Conjurer began the quest for the Orb.
     0 | D:1      | Reached XP level 1. HP: 14/14 MP: 5/5
   196 | D:1      | Reached XP level 2. HP: 10/22 MP: 0/7
   783 | D:1      | Reached skill level 4 in Conjurations
   788 | D:1      | Learned a level 2 spell: Searing Ray
  1160 | D:1      | Reached skill level 1 in Fighting
  1585 | D:2      | Reached XP level 3. HP: 26/28 MP: 0/9
  1802 | D:2      | Noticed Jessica
  1817 | D:2      | Killed Jessica
  1817 | D:2      | Reached XP level 4. HP: 12/35 MP: 0/11
  2898 | D:2      | Learned a level 3 spell: Dazzling Spray
  3060 | D:3      | Reached skill level 1 in Hexes
  3285 | D:3      | Reached XP level 5. HP: 26/40 MP: 9/12
  3529 | D:3      | Noticed an ogre
  3538 | D:3      | Killed an ogre
  3572 | D:3      | Learned a level 4 spell: Fulminant Prism
  3664 | D:3      | Reached skill level 5 in Conjurations
  4103 | D:4      | Reached XP level 6. HP: 32/47 MP: 9/13
  4230 | D:4      | Noticed Natasha
  4238 | D:4      | Killed Natasha
  4660 | D:4      | Found a sacrificial altar of Ru.
  4660 | D:4      | Found a faded altar of an unknown god.
  4665 | D:4      | Found a burning altar of Makhleb.
  4670 | D:4      | Found a faded altar of an unknown god.
  4673 | D:4      | Found a shimmering altar of Xom.
  4958 | D:4      | Reached XP level 7. HP: 50/52 MP: 6/15
  5159 | D:4      | Noticed Robin
  5168 | D:4      | Killed Robin
  5231 | D:4      | Noticed Natasha
  5247 | D:4      | Killed Natasha
  5543 | D:4      | Reached skill level 6 in Conjurations
  5639 | D:4      | Noticed Natasha
  5645 | D:4      | Killed Natasha
  5747 | D:5      | Entered Level 5 of the Dungeon
  5792 | D:5      | Reached skill level 5 in Hexes
  5808 | D:5      | Slain by a centaur

Skill      XL: |  1  2  3  4  5  6  7 |
---------------+----------------------+-----
Spellcasting   | 2 3 |  3.2
Conjurations   | 4 5 6 |  6.1
Fighting       | 1 |  1.0
Hexes          | 1 2 4 5 |  5.0
Dodging        | 2 |  2.4
Armour         | |  0.6
Stealth        | |  1.7

Action                   |  1- 3 |  4- 6 |  7- 9 || total
-------------------------+-------+-------+-------++-------
Melee: Dagger            |    86 |   149 |     5 ||   240
       Unarmed           |     6 |       |       ||     6
       Flail             |       |       |    22 ||    22
 Cast: Magic Dart        |    35 |    15 |    12 ||    62
       Searing Ray       |     6 |    30 |    12 ||    48
       Dazzling Spray    |       |     8 |     3 ||    11
       Fulminant Prism   |       |       |     1 ||     1
  Use: Scroll            |       |     4 |       ||     4
       Potion            |       |     3 |     3 ||     6
 Stab: Sleeping          |     4 |     7 |       ||    11
       Invisible         |       |     2 |       ||     2
  Eat: Chunk             |     3 |    12 |     3 ||    18
Armor: Robe              |    10 |    19 |     8 ||    37
Dodge: Dodged            |    71 |   128 |    49 ||   248
